Unix NetHack Version 3.7.0-89 Work-in-progress - last build Nov 29 2023 03:14:05 (8663f69846b387d428bf56816b0fc57e108cd183,branch:master). Game began 2023-12-03 12:55:53, ended 2023-12-03 13:02:14. DoktorL, lawful female dwarven Valkyrie ########### ---------- #------ ### |........| #|....| ## |........| #P....| ## |........| %|..a.| ###.........| #-....a# |........| ###------h |........| ------- ### # ---.------ |......## ## #### +.....|## # # |...... # # |.....| # # ..<.... # ####### ------- ## # #-----.---------- ##...............| #|..............| -(.............| ---------------- DoktorL the Skirmisher St:18/01 Dx:10 Co:20 In:9 Wi:7 Ch:10 Lawful S:1483 Dlvl:7 $:85 HP:0(63) Pw:7(7) AC:2 Xp:5/272 T:1753 Latest messages: The Mordor orc misses! You miss the Mordor orc. The Mordor orc swings her scimitar. The Mordor orc hits! What do you want to wield? [- abfr or ?*] You are already wielding that! You kill the Mordor orc! The hobgoblin picks up a scimitar. You miss the hobgoblin. The hobgoblin wields a scimitar! You miss the hobgoblin. The hobgoblin swings her scimitar. The hobgoblin hits! You hit the hobgoblin! The hobgoblin swings her scimitar. The hobgoblin hits! You kill the hobgoblin! The Mordor orc picks up a faded pall. You hit the Mordor orc! You miss the Mordor orc. The Mordor orc wields a rusty knife! The knife welds itself to the Mordor orc's hand! The Mordor orc hits! You miss the Mordor orc. The Mordor orc misses! You kill the Mordor orc! In what direction? The door closes. The brown pudding oozes under the door. The brown pudding divides as you hit it! The killer bee stings! You miss the brown pudding. The killer bee stings! The killer bee stings! You miss the brown pudding. The killer bee misses! The brown pudding strikes at your displaced image and misses you! The killer bee stings! It misses the killer bee. The Mordor orc opens a door. The killer bee strikes at your displaced image and misses you! The killer bee strikes at your displaced image and misses you! The killer bee stings! The killer bee just misses! You kill the killer bee! You miss the killer bee. The killer bee stings! The killer bee's sting was poisoned! You die... Do you want your possessions identified? [ynq] (y) Inventory: Coins $ - 85 gold pieces Weapons b - a +0 dagger (alternate weapon; not wielded) a - a +1 dwarvish spear (weapon in hand) r - a +0 orcish dagger f - a +0 long sword Armor m - an uncursed +0 helmet (being worn) c - an uncursed burnt +3 small shield (being worn) p - an uncursed +0 cloak of displacement (being worn) n - a blessed +0 studded leather armor (being worn) Comestibles u - an uncursed food ration j - an uncursed tripe ration Scrolls h - a cursed scroll of fire Potions q - an uncursed potion of extra healing e - an uncursed potion of gain ability v - an uncursed potion of sickness Rings t - an uncursed ring of polymorph control Wands i - a cursed wand of digging (0:5) s - a wand of magic missile (0:2) Tools l - an uncursed credit card DoktorL the Valkyrie's attributes: Background: You were a Skirmisher, a level 5 dwarven Valkyrie. You were lawful, nominally on a mission for Tyr who was opposed by Odin (neutral) and Loki (chaotic). You were in the Dungeons of Doom, on level 7. You entered the dungeon 1753 turns ago. You had 272 experience points, 48 more were needed to attain level 6. Your score was 1483 before end-of-game adjustments. Basics: You had 0 out of 63 hit points. You had all 7 energy points (spell power). Your armor class was 2. Your wallet contained 85 zorkmids. Autopickup was on for '$"?!/=' plus thrown, with exceptions. Final Characteristics: Your strength was 18/01 (limit:18/100). Your dexterity was 10 (limit:20). Your constitution was 20 (limit:20). Your intelligence was 9 (limit:16). Your wisdom was 7 (limit:16). Your charisma was 10 (limit:16). Final Status: You weren't hungry. You were unencumbered. You were wielding a spear. You had basic skill with spear. Final Attributes: You were devoutly aligned. You were cold resistant. You had infravision. You were displaced. You were stealthy. You were warded. You are dead. Miscellaneous: You disabled loading of bones levels. Total elapsed playing time was 6 minutes and 21 seconds. Major events: Turn 1: DoktorL the lawful dwarven Valkyrie entered the dungeon 426: entered the Gnomish Mines 636: attained the rank of Skirmisher (level 3) 1753: killed by a killer bee Vanquished creatures: a small mimic 7 Mordor orcs a hill orc a rothe a giant bat 2 dwarf zombies a werejackal an iguana a killer bee a hobgoblin a red mold 2 garter snakes a gnome zombie 4 geckos a jackal a kobold 2 sewer rats 4 lichens a kobold zombie 3 newts 37 creatures vanquished. No species were genocided or became extinct. Voluntary challenges: You were an atheist. You read items or engraved 5 times. You engraved Elbereth 2 times. You never had a pet. You never genocided any monsters. You never polymorphed an object. You never changed form. You used no wishes. Achievements: You entered the Gnomish Mines. You attained the rank of Skirmisher. You entered a shop. The Dungeons of Doom: levels 1 to 7 Level 1: Level 2: Level 3: Stairs down to The Gnomish Mines. Level 4: A general store. Level 5: A weapon shop. Level 6: Level 7: <- You were here. Final resting place for you, killed by a killer bee. The Gnomish Mines: Level 4: Game over: ---------- / \ / REST \ / IN \ / PEACE \ / \ | DoktorL | | 85 Au | | killed by a | | killer bee | | | | | | 2023 | *| * * * | * _________)/\\_//(\/(/\)/\//\/|_)_______ Farvel DoktorL the Valkyrie... You died in The Dungeons of Doom on dungeon level 7 with 1475 points, and 85 pieces of gold, after 1753 moves. You were level 5 with a maximum of 63 hit points when you died.